 Dungeon Crawl Stone Soup version 0.19-a0-1021-g80cc50c (webtiles) character file.

15824 poirepourri the Basher (level 12, -2/118 HPs)
             Began as a Gargoyle Fighter on July 27, 2016.
             Was a High Priest of Okawaru.
             Killed by divine providence
             ... invoked by an orc priest
              (10 damage)
             ... on level 10 of the Dungeon.
             The game lasted 00:21:29 (12921 turns).

poirepourri the Basher (Gargoyle Fighter)          Turns: 12921, Time: 00:21:30

Health: -2/118     AC: 31    Str: 24    XL:     12   Next: 31%
Magic:  13/13      EV:  2    Int: 10    God:    Okawaru [*****.]
Gold:   529        SH: 13    Dex:  9    Spells: 0 memorised, 11 levels left

rFire  . . .     SeeInvis .     l - +2 flail (protect)
rCold  . . .     Gourm    .     (armour currently unavailable)
rNeg   + + +     Faith    .     c - +2 shield
rPois  ∞         Spirit   .     (helmet currently unavailable)
rElec  .         Dismiss  .     (cloak currently unavailable)
rCorr  .         Reflect  .     (gloves currently unavailable)
SustAt .         Harm     .     (boots currently unavailable)
MR     .....     NoTele   +     (no amulet)
Stlth  +.........               (no ring)
                                (no ring)

@: tree-form, not resistant to hostile enchantments, very unstealthy
A: negative energy resistance 1, (electricity resistance), (unbreathing),
petrification resistance, rot immunity, AC +8
a: Heroism, Finesse, Renounce Religion


You were on level 10 of the Dungeon.
You worshipped Okawaru.
Okawaru was extremely pleased with you.
You were not hungry.
You were a tree.
You visited 2 branches of the dungeon, and saw 11 of its levels.

You collected 529 gold pieces.

Inventory:

Hand Weapons
 j - a +5 mace of holy wrath
 l - a +2 flail of protection (weapon)
Missiles
 a - 28 bolts
 B - 2 javelins of penetration (quivered)
Armour
 b - a +1 scale mail (melded)
 c - a +2 shield (worn)
 e - a +2 pair of boots (melded)
 g - a +1 pair of gloves (melded)
 i - a +0 hat (melded)
 x - a +1 cloak (melded)
Jewellery
 k - an uncursed ring of positive energy {unknown}
 n - a cursed -5 ring of evasion {unknown}
 r - an uncursed ring of ice {unknown}
 w - an uncursed amulet of regeneration {unknown}
 y - an uncursed ring of sustain attributes {unknown}
 K - an uncursed ring of positive energy {unknown}
Wands
 h - a wand of acid (0/15)
 z - a wand of slowing (34/48)
 F - a wand of random effects (24/48)
 G - a wand of disintegration (0/24)
 H - a wand of enslavement (9/24)
Scrolls
 q - 2 scrolls of remove curse
Potions
 E - a potion of heal wounds {unknown}
 J - a potion of mutation {unknown}
 M - a potion of ambrosia {unknown}
Books
 m - a book of Debilitation

   Spells                             Type                      Level
   a - Corona                         Hexes                        1
   b - Slow                           Hexes                        2
   c - Gell's Gravitas                Hexes/Translocation          3
   d - Inner Flame                    Hexes/Fire                   3
   e - Cause Fear                     Hexes                        4
   f - Leda's Liquefaction            Hexes/Earth                  4
 s - a Grand Grimoire

   Spells                             Type                      Level
   a - Monstrous Menagerie            Summoning                    7
   b - Summon Greater Demon           Summoning                    7
   c - Malign Gateway                 Summoning/Translocation      7
   d - Summon Horrible Things         Summoning                    8
Comestibles
 d - 2 meat rations
 f - a bread ration
 C - 4 beef jerkies


   Skills:
 + Level 10.9 Fighting
 + Level 12.4 Maces & Flails
 + Level 7.1 Armour
 + Level 6.3 Dodging
 + Level 8.3 Shields
 + Level 1.2 Invocations
 + Level 1.3 Evocations


You had 11 spell levels left.
You didn't know any spells.

Dungeon Overview and Level Annotations

Branches:
Dungeon (10/15)            Temple (1/1) D:6            Lair (0/6) D:9
    Orc: D:9-12

Altars:
Ashenzari
Cheibriados
Dithmenos
Elyvilon
Fedhas
Gozag
Hepliaklqana
Kikubaaqudgha
Makhleb
Nemelex Xobeh
Okawaru
Pakellas
Qazlal
Ru
Sif Muna
Trog
Uskayaw
Vehumet
Xom
Yredelemnul
Zin
The Shining One


Innate Abilities, Weirdness & Mutations

You are resistant to torment.
((Your stone body is resilient. (AC +8)))
You are immune to poison.
You resist negative energy. (rN+)
((You are resistant to electric shocks. (rElec)))
((You can survive without breathing.))
You are immune to petrification.
You are immune to rotting.


Message History

The yak is heavily wounded.
The orc priest invokes the aid of Beogh against you.
Beogh smites you! The yak gores you. x2
* * * LOW HITPOINT WARNING * * *
The orc priest mumbles some strange prayers to Beogh against you.
Beogh smites you!
* * * LOW HITPOINT WARNING * * *
You feel like a meek peon again.
Okay, then.
It was a potion of lignification.
You turn into a tree.
Your +1 cloak melds into your body.
Your +0 hat melds into your body.
Your +1 pair of gloves melds into your body.
Your +2 pair of boots melds into your body.
Your +1 scale mail melds into your body.
Your roots penetrate the ground.
The yak gores you.
* * * LOW HITPOINT WARNING * * *
It was a potion of flight.
Your roots keep you in place.
The orc priest invokes the aid of Beogh against you.
Beogh smites you!
You die...

#......o. #.. #........ #..
#.......#####################..
#.....o.#......................
#######o#......................
.......o.o.....................
...............................
...........o...................
............YY♣................
.........##########.....#######
.........#...#....#.....#
.........#...#....#.....#
.........#...'....'.....#
######+###...####.#.....#######
##...####.##'#.........
#......#.....#.........
#......#.....#.........


You could see 2 yaks, 2 orc priests and 2 orcs.

Vanquished Creatures
  Gastronok (D:9)
  An orc warlord (D:7)
  A queen ant (D:8)
  The ghost of ololoev the Cleaver, a novice HOFi of Makhleb (D:9)
  A hill giant (D:10)
  2 orc knights (D:7)
  The ghost of ololoev the Chopper, a novice DDFi (D:7)
  A troll (D:10)
  Prince Ribbit (D:8)
  Sigmund (D:5)
  A yak (D:10)
  Eustachio (D:5)
  A wyvern (D:7)
  A hungry ghost (D:9)
  13 wargs (D:7)
  15 soldier ants (D:8)
  2 hell hounds (D:9)
  4 sky beasts
  2 phantoms
  An eye of draining (D:9)
  2 ogres
  7 orc warriors
  5 ice beasts
  A necrophage (D:8)
  2 centaurs
  A big kobold (D:8)
  Blork the orc (D:4)
  9 giant frogs
  A wyvern zombie (D:8)
  A gnoll sergeant (D:6)
  A wyvern skeleton (D:6)
  3 scorpions
  5 howler monkeys
  4 crimson imps
  A giant frog zombie (D:9)
  A centaur zombie (D:9)
  10 orc priests
  2 hounds
  6 jellies
  13 orc wizards
  2 giant frog skeletons
  A gnoll shaman (D:5)
  4 iguanas
  33 worker ants
  A hound zombie (D:6)
  A hound skeleton (D:8)
  14 gnolls
  12 adders
  A shadow imp (D:9)
  An ooze (D:1)
  An adder zombie (D:9)
  An adder skeleton (D:4)
  3 worms
  3 dart slugs
  7 giant geckos
  81 orcs
  3 bats
  5 giant cockroaches
  8 goblins
  5 hobgoblins
  15 jackals
  10 kobolds
  10 quokkas
  A ball python (D:7)
  A giant newt (D:1)
  4 rats
356 creatures vanquished.

Vanquished Creatures (others)
  A quokka (D:5)
  A plant (D:7)
2 creatures vanquished.

Grand Total: 358 creatures vanquished

Notes
Turn   | Place    | Note
-------+----------+-------------------------------------------
     0 | D:1      | poirepourri the Gargoyle Fighter began the quest for the Orb.
     0 | D:1      | Reached XP level 1. HP: 14/14 MP: 1/1
   228 | D:1      | Reached XP level 2. HP: 20/20 MP: 2/2
   558 | D:1      | Reached XP level 3. HP: 23/24 MP: 3/3
   816 | D:2      | Reached skill level 1 in Dodging
  1065 | D:2      | Reached XP level 4. HP: 20/29 MP: 4/4
  1670 | D:3      | Reached skill level 3 in Maces & Flails
  1672 | D:3      | Reached XP level 5. HP: 32/34 MP: 5/5
  1855 | D:3      | Found a faded altar of an unknown god.
  2255 | D:4      | Found a blossoming altar of Fedhas.
  2557 | D:4      | Reached skill level 5 in Fighting
  2557 | D:4      | Reached skill level 4 in Maces & Flails
  2557 | D:4      | Reached XP level 6. HP: 31/40 MP: 6/6
  2910 | D:4      | Noticed Blork the orc
  2919 | D:4      | Killed Blork the orc
  2919 | D:4      | Reached skill level 5 in Maces & Flails
  2919 | D:4      | Reached XP level 7. HP: 30/45 MP: 7/7
  3392 | D:5      | Entered Level 5 of the Dungeon
  3601 | D:5      | Found a white marble altar of Elyvilon.
  3656 | D:5      | Noticed Eustachio
  3668 | D:5      | Killed Eustachio
  3668 | D:5      | Reached skill level 6 in Maces & Flails
  3802 | D:5      | Reached XP level 8. HP: 34/52 MP: 8/8
  3864 | D:5      | Noticed Sigmund
  3878 | D:5      | Killed Sigmund
  3878 | D:5      | Reached skill level 7 in Maces & Flails
  4369 | D:6      | Reached skill level 8 in Maces & Flails
  4461 | D:6      | Noticed a dagger
  4461 | D:6      | Noticed a dagger
  4548 | D:6      | Found a hide-covered altar of Uskayaw.
  4651 | D:6      | Found a staircase to the Ecumenical Temple.
  4765 | Temple   | Entered the Ecumenical Temple
  4849 | Temple   | Became a worshipper of Warmaster Okawaru
  4897 | D:6      | Reached XP level 9. HP: 58/59 MP: 9/9
  5101 | D:7      | Reached skill level 9 in Maces & Flails
  5290 | D:7      | Noticed ololoev's ghost (novice DDFi)
  5302 | D:7      | Killed ololoev's ghost
  5302 | D:7      | Reached * piety under Okawaru
  5504 | D:7      | Reached ** piety under Okawaru
  5685 | D:7      | Reached skill level 10 in Maces & Flails
  5700 | D:7      | Found a shadowy altar of Dithmenos.
  5755 | D:7      | Found a sparkling altar of Nemelex Xobeh.
  6161 | D:7      | Reached XP level 10. HP: 58/66 MP: 10/10
  6250 | D:7      | Noticed an orc knight
  6296 | D:7      | Killed an orc knight
  6296 | D:7      | Reached *** piety under Okawaru
  6583 | D:7      | Noticed an orc warlord
  7051 | D:7      | Killed an orc warlord
  7051 | D:7      | Reached **** piety under Okawaru
  7051 | D:7      | Reached skill level 10 in Fighting
  7051 | D:7      | Reached skill level 5 in Armour
  7051 | D:7      | Reached skill level 5 in Shields
  7268 | D:7      | Reached skill level 11 in Maces & Flails
  7643 | D:7      | Noticed an orc knight
  7671 | D:7      | Killed an orc knight
  7671 | D:7      | Reached ***** piety under Okawaru
  7671 | D:7      | Reached XP level 11. HP: 19/72 MP: 11/11
  8191 | D:7      | Received a gift from Okawaru
  8388 | D:8      | Noticed Prince Ribbit
  8493 | D:8      | Killed Prince Ribbit
  8608 | D:8      | Reached skill level 5 in Dodging
  9031 | D:8      | Noticed a queen ant
  9072 | D:8      | Killed a queen ant
  9192 | D:8      | Received a gift from Okawaru
  9741 | D:9      | Noticed ololoev's ghost (novice HOFi)
  9842 | D:9      | Killed ololoev's ghost
 10233 | D:9      | Found a staircase to the Lair.
 10264 | D:9      | Found a stormy altar of Qazlal.
 10283 | D:9      | Noticed Gastronok
 10633 | D:9      | Killed Gastronok
 10633 | D:9      | Reached skill level 12 in Maces & Flails
 10633 | D:9      | Reached skill level 1 in Evocations
 10633 | D:9      | Reached XP level 12. HP: 28/79 MP: 12/12
 12096 | D:9      | Found a basalt altar of Yredelemnul.
 12099 | D:9      | Found a sacrificial altar of Ru.
 12104 | D:9      | Found a deep blue altar of Sif Muna.
 12105 | D:9      | Found a bloodstained altar of Trog.
 12105 | D:9      | Found a hazy altar of Hepliaklqana.
 12105 | D:9      | Found a snail-covered altar of Cheibriados.
 12105 | D:9      | Found a shimmering altar of Xom.
 12107 | D:9      | Found an oddly glowing altar of Pakellas.
 12109 | D:9      | Found a glowing silver altar of Zin.
 12304 | D:9      | Reached skill level 1 in Invocations
 12417 | D:10     | Entered Level 10 of the Dungeon
 12921 | D:10     | Killed from afar by an orc priest

Vault maps used:
D:1:      lemuel_arrival_funnel, serial_forest, infiniplex_forest_clump_double,
          infiniplex_forest_lined_ring, infiniplex_forest_clump_small,
          infiniplex_forest_lined_3, infiniplex_forest_end_3,
          infiniplex_forest_zigzag_1, infiniplex_forest_lined_2,
          minmay_tromino_v7
D:2:      first_bread
D:3:      ecumenical_altar_1
D:4:      grunt_decor_cap, fedhas_altar_2, uniq_blork_the_orc
D:5:      elyvilon_altar_4, uniq_sigmund, uniq_eustachio
D:6:      dancing_weapons_uskayaw
D:7:      lemuel_castle_with_subvaults, kennysheep_little_box,
          lemuel_crystal_altar, grunt_ogre_cave
D:8:      zaba_anthell, uniq_prince_ribbit1
D:9:      minitemple, minmay_lair_entry_lava, grunt_qazlal_clouds,
          uniq_gastronok
Temple:   eino_temple_lava

Skill      XL: |  1  2  3  4  5  6  7  8  9 10 11 12 |
---------------+-------------------------------------+-----
Fighting       | 4 5 6 7 9 10 | 10.9
Dodging        | 1 2 3 4 6 |  6.3
Maces & Flails | 3 4 5 6 8 10 11 12 | 12.4
Shields        | 4 5 7 8 |  8.3
Armour         | 4 5 7 |  7.1
Evocations     | 1 |  1.3
Invocations    | 1 |  1.2

Action                   |  1- 3 |  4- 6 |  7- 9 | 10-12 || total
-------------------------+-------+-------+-------+-------++-------
Melee: Flail             |   134 |   102 |       |   813 ||  1049
       Mace              |       |    83 |   424 |   225 ||   732
Invok: Heroism           |       |       |       |    12 ||    12
       Finesse           |       |       |       |     1 ||     1
Evoke: Wand              |       |       |     1 |    19 ||    20
  Use: Scroll            |     3 |     7 |    10 |    10 ||    30
       Potion            |       |     3 |     4 |    16 ||    23
  Eat: Bread ration      |       |     2 |       |     4 ||     6
       Beef jerky        |       |     1 |     1 |     3 ||     5
       Fruit             |       |       |     2 |     3 ||     5
       Pizza             |       |       |     1 |       ||     1
       Meat ration       |       |       |     1 |     1 ||     2
Armor: Scale mail        |    84 |    89 |   212 |   361 ||   746
Dodge: Dodged            |    43 |    68 |   143 |   353 ||   607
Block: Shield            |    66 |   103 |   258 |   625 ||  1052
